 Dungeon Crawl Stone Soup version 0.26-a0-996-g6b303dbc09 (webtiles) character file.

Game seed: 8595779518976608064

91 KristoblXynda the Ducker (level 4, -4/23 HPs)
             Began as a Spriggan Gladiator on Dec 6, 2020.
             Slain by Crazy Yiuf
             ... wielding a +2 quarterstaff of chaos
              (19 damage)
             ... on level 2 of the Dungeon.
             The game lasted 00:02:13 (2421 turns).

KristoblXynda the Ducker (Spriggan Gladiator)       Turns: 2421, Time: 00:02:14

Health: -4/23      AC:  2    Str: 10    XL:     4   Next: 34%
Magic:  5/5        EV: 21    Int:  9    God:
Gold:   40         SH:  0    Dex: 18    Spells: 3/3 levels left

rFire    . . .     SeeInvis +   a - +0 rapier
rCold    . . .     Faith    .   (shield restricted)
rNeg     . . .     Spirit   .   b - +0 robe
rPois    .         Reflect  .   c - +0 hat
rElec    .         Harm     .   (no cloak)
rCorr    .         Rampage  .   (gloves unavailable)
MR       .....                  (boots unavailable)
Stlth    +++.......             (no amulet)
HPRegen  0.07/turn              (no ring)
MPRegen  0.09/turn              (no ring)

@: very quick
A: very small, unfitting armour, see invisible, speed 3
a: no special abilities


You were on level 2 of the Dungeon.
You visited 1 branch of the dungeon, and saw 2 of its levels.

You collected 40 gold pieces.

Inventory:

Hand Weapons
 a - a +0 rapier (weapon)
Missiles
 d - 3 throwing nets (quivered)
Armour
 b - a +0 robe (worn)
 c - a +0 hat (worn)
 g - a cursed +0 buckler
Scrolls
 e - 3 scrolls of identify {unknown}
 h - a scroll of teleportation {unknown}
 i - a scroll of fog {unknown}
 l - 2 scrolls of immolation {unknown}
 n - a scroll of blinking {unknown}
Potions
 f - 2 potions of curing {unknown}
 j - 2 potions of lignification {unknown}
 k - a potion of degeneration {unknown}
 m - a potion of attraction {unknown}


   Skills:
 - Level 2.3 Fighting
 + Level 4.0 Short Blades
 - Level 2.0 Throwing
 + Level 5.3 Dodging
 + Level 3.0 Stealth


You had 3 spell levels left.
You didn't know any spells.
Your spell library was empty.

Dungeon Overview and Level Annotations

Branches:
Dungeon (2/15)

Altars:
Vehumet

Annotations:
D:2 Crazy Yiuf


Innate Abilities, Weirdness & Mutations

You are very small and have problems with some larger weapons.
You are too small for most types of armour.
You have supernaturally acute eyesight. (SInv)
You cover ground extremely quickly.


Message History

You are no longer poisoned.
You start resting.
HP restored.
You see here a stone.
l - 2 scrolls labelled ORPHEQ YBROBB (gained 1)
j - 2 viscous black potions (gained 1)
Found a radiant altar of Vehumet.
Found a stone staircase leading down.
You see here a +0 club.
Crazy Yiuf shouts!
You open the door.
Crazy Yiuf screams, "Mugger!"
There is an open translucent door here.
You hit Crazy Yiuf.
Crazy Yiuf is moderately wounded.
Crazy Yiuf sings, "Trees, trees, trees, circus!"
Crazy Yiuf hits you with a +2 quarterstaff of chaos!
You are electrocuted!!
Ouch! That really hurt!
You die...

#.#.###..###.# #
##################.#.#
#....#.#
...................#.#
#..#<#.#
###.....##############
######.# #.....# #..#.#
#.....# #######..#.#
#.....# ####
###.#......#.# #.....#
#...##..#.......#.#
#.....#
#..g@.####......#.###
#.....# #)..###
##.....#.#.. #.....#
#### #####.#.#.#
###...# ##.#.#.# #...#
#....#.# #...#
##################..#.#
#...#
#.......##..........#.#
#####
#.......###########>#.#
#.......# #.#.#


You could see Crazy Yiuf.

Vanquished Creatures
  3 adders (D:2)
  An ooze (D:1)
  A worm (D:2)
  2 dart slugs
  2 leopard geckos (D:2)
  2 bats
  2 giant cockroaches (D:1)
  8 goblins
  7 hobgoblins
  4 jackals (D:1)
  A quokka (D:2)
  4 frilled lizards
  7 kobolds
  5 rats
49 creatures vanquished.

Notes
Turn   | Place    | Note
-------+----------+-------------------------------------------
     0 | D:1      | KristoblXynda the Spriggan Gladiator began the quest for
                  | the Orb.
     0 | D:1      | Reached XP level 1. HP: 10/10 MP: 2/2
   285 | D:1      | Reached skill level 1 in Stealth
   285 | D:1      | Reached XP level 2. HP: 15/15 MP: 3/3
   815 | D:1      | Reached XP level 3. HP: 18/18 MP: 4/4
  1369 | D:2      | Reached skill level 5 in Dodging
  1780 | D:2      | Reached XP level 4. HP: 20/23 MP: 5/5
  1965 | D:2      | Found a runed translucent door.
  1966 | D:2      | Noticed Crazy Yiuf
  2309 | D:2      | Found a radiant altar of Vehumet.
  2421 | D:2      | Slain by Crazy Yiuf

Illustrated notes

Levels and vault maps discovered:
D:1:      minmay_arrival_four_houses, layout_loops_corners
D:2:      layout_basic, vehumet_crystals, uniq_crazy_yiuf_cottage

Skill      XL: |  1  2  3  4 |
---------------+-------------+-----
Stealth        | 1 2 3 |  3.0
Fighting       | 2 |  2.3
Dodging        | 5 |  5.3
Short Blades   | 4 |  4.0
Throwing       | |  2.0

Action                   |  1- 3 |  4- 6 || total
-------------------------+-------+-------++-------
Melee: Rapier            |   140 |    31 ||   171
 Stab: Sleeping          |     4 |     1 ||     5
Armor: Robe              |     8 |     1 ||     9
Dodge: Dodged            |    95 |    26 ||   121

Table legend: (Time is in decaauts)
 A = Elapsed time spent in this place.
 B = Non-inter-level travel time spent in this place.
 C = Inter-level travel time spent in this place.
 D = Time resting spent in this place.
 E = Time spent auto-exploring this place.
 F = Levels seen in this place.
 G = Mean time per level.
                   A        B        C        D        E       F      G
               +--------+--------+--------+--------+--------+-----+--------+
         Total |   1909 |   1900 |      9 |    618 |    939 |   2 |  954.5 |
       Dungeon |   1909 |   1900 |      9 |    618 |    939 |   2 |  954.5 |
               +--------+--------+--------+--------+--------+-----+--------+

Top non-repeatable levels by time:
     D:1: 1020 daAuts
     D:2: 889 daAuts
